 Dungeon Crawl Stone Soup version 0.25-a0-478-g33c61bdccf (webtiles) character file.

Game seed: 18364619752026714308, levelgen mode: deterministic

4715 kae the Martial Artist (level 10, 0/71 HPs)
             Began as a Pale Draconian Transmuter on Feb 8, 2020.
             Was a Follower of Uskayaw.
             Slain by a killer bee (5 damage)
             ... on level 9 of the Dungeon.
             The game lasted 00:09:42 (8320 turns).

kae the Martial Artist (Pale Draconian Transmuter)  Turns: 8320, Time: 00:09:42

Health: 0/71       AC:  9    Str: 13    XL:     10   Next: 22%
Magic:  10/14      EV: 12    Int: 13    God:    Uskayaw [*.....]
Gold:   265        SH:  0    Dex: 15    Spells: 4/15 levels left

rFire    . . .     SeeInvis +     - Unarmed
rCold    . . .     Gourm    .   (shield currently unavailable)
rNeg     . . .     Faith    .   (armour unavailable)
rPois    .         Spirit   .   (helmet restricted)
rElec    .         Reflect  .   s - +1 cloak
rCorr    .         Harm     .   (gloves currently unavailable)
MR       .....                  (no boots)
Stlth    +.........             (no amulet)
HPRegen  0.21/turn              q - ring of see invisible
MPRegen  0.14/turn              (no ring)

@: lethally poisoned (0 -> -2), blade hands (expiring), drained
A: breathe steam, unfitting armour, cold-blooded, AC +7
a: Breathe Steam, End Transformation, Stomp, Renounce Religion


You were on level 9 of the Dungeon.
You worshipped Uskayaw.
Uskayaw was noncommittal.
You were hungry.
You had blades for hands.
You visited 2 branches of the dungeon, and saw 10 of its levels.

You collected 493 gold pieces.
You spent 228 gold pieces at shops.

Inventory:

Missiles
 a - 157 arrows
Armour
 k - a +2 pair of gloves (melded)
 s - a +1 cloak (worn)
Jewellery
 o - an uncursed ring of fire
 q - a ring of see invisible (left scythe-like blade)
Wands
 e - a wand of paralysis (6)
 r - a wand of digging (5)
 y - a wand of enslavement (6)
 A - a wand of random effects (9)
Scrolls
 b - 5 scrolls of remove curse
 h - 5 scrolls of enchant weapon
 i - 7 scrolls of teleportation
 u - a scroll of enchant armour
 x - 2 scrolls of amnesia
 z - 2 scrolls of identify
Potions
 d - 3 potions of lignification
 f - 3 potions of brilliance
 g - a potion of agility
 j - 2 potions of heal wounds
 l - 2 potions of flight
 m - 6 potions of curing
 n - 2 potions of mutation
 p - a potion of haste
 v - a potion of magic {unknown}
 w - 2 potions of invisibility
Comestibles
 c - 14 rations


   Skills:
 - Level 1.1(0.3) Fighting
 - Level 1.7(1.0) Dodging
 * Level 12.2(11.2) Unarmed Combat
 - Level 3.0(2.2) Spellcasting
 + Level 8.8(7.9) Transmutations


You had 4 spell levels left.
You knew the following spells:

 Your Spells              Type           Power        Failure   Level  Hunger
a - Beastly Appendage     Tmut           ###...       14%         1    ##.....
b - Sticks to Snakes      Tmut           ###.....     17%         2    ###....
c - Spider Form           Tmut/Pois      ##........   54%         3    ####...
d - Blade Hands           Tmut           ###.......   69%         5    ######.

Your spell library contained the following spells:

 Spells                   Type           Power        Failure   Level  Hunger
 Foxfire                  Conj/Fire      #...         69%         1    ##.....
 Ice Form                 Ice/Tmut       ##......     83%         4    #####..
 Conjure Flame            Conj/Fire      #.......     91%         3    ####...
 Inner Flame              Hex/Fire       #.......     91%         3    ####...
 Sticky Flame             Conj/Fire      #.......     99%         4    #####..
 Fireball                 Conj/Fire      #.........   100%        5    ######.


Dungeon Overview and Level Annotations

Branches:
Dungeon (9/15)             Temple (1/1) D:5
   Lair: D:8-11         Orc: D:9-12

Altars:
Ashenzari
Cheibriados
Dithmenos
Elyvilon
Fedhas
Gozag
Hepliaklqana
Kikubaaqudgha
Makhleb
Nemelex Xobeh
Okawaru
Qazlal
Ru
Sif Muna
Trog
Uskayaw
Vehumet
Wu Jian
Xom
Yredelemnul
Zin
The Shining One

Shops:
D:7 !


Innate Abilities, Weirdness & Mutations

You can breathe blasts of scalding, opaque steam.
Your pale cyan-grey scales are hard. (AC +7)
You cannot fit into any form of body armour.
You are cold-blooded and may be slowed by cold attacks.


Message History

* * * LOW HITPOINT WARNING * * *
The wight closely misses you. The killer bee closely misses you.
You hit the wight but do no damage.
The wight is heavily damaged.
The killer bee misses you. The wight misses you.
You hit the wight.
The wight is almost destroyed.
You feel sick. The killer bee stings you!
* * * LOW HITPOINT WARNING * * *
The killer bee closely misses you. The wight hits you but does no damage.
You slice the wight!!
You destroy the wight!
Your transformation is almost over.
The killer bee stings you.
* * * LOW HITPOINT WARNING * * *
The queen bee calls on the killer bee to defend it!
The killer bee goes berserk!
The queen bee calls on the killer bee to defend it!
The killer bee goes berserk!
The killer bee stings you.
You die...

# #..##........# #
#..##........#
#####..##..#####†#
..)....##..# #.#
.####..##..# #y#
.# #..##..# #†# .#
#......# #y# .#
#..#...# #y# .#
#..#...#####@# .#
#..#....)...)# .#
#..#.........# .#
#..#.........# .#
#..#...#####.# .#
#..#...# #.#
.####..#...# #.#
.......#...# #.#
......)#...#


You could see a queen bee and 2 killer bees.

Vanquished Creatures
  A hydra (D:8)
  Maggie (D:7)
  A hornet (D:8)
  A hungry ghost (D:9)
  A phantom (D:9)
  2 sky beasts
  4 ice beasts
  4 ogres
  3 centaurs
  6 bullfrogs
  3 scorpions
  5 killer bees (D:9)
  14 wights
  3 howler monkeys (D:9)
  3 crimson imps
  A centaur zombie (D:7)
  A jelly (D:5)
  A bullfrog zombie (D:3)
  An orc wizard (D:7)
  A quasit (D:7)
  2 centaur skeletons
  2 orc priests (D:7)
  A hound (D:6)
  Crazy Yiuf (D:4)
  Ijyb (D:3)
  A bullfrog skeleton (D:4)
  Jessica (D:2)
  2 worker ants
  2 hound skeletons
  2 worker ant zombies
  10 adders
  2 shadow imps
  An ooze (D:1)
  2 worms
  2 dart slugs
  9 leopard geckos
  11 orcs
  A giant cockroach (D:1)
  3 hobgoblins
  5 jackals
  A quokka (D:9)
  2 ball pythons
  7 bats
  3 frilled lizards
  10 goblins
  A jackal skeleton (D:8)
  5 kobolds
  A leopard gecko zombie (D:6)
  9 rats
157 creatures vanquished.

Notes
Turn   | Place    | Note
-------+----------+-------------------------------------------
     0 | D:1      | kae the Draconian Transmuter began the quest for the Orb.
     0 | D:1      | Reached XP level 1. HP: 16/16 MP: 3/3
   454 | D:1      | Reached XP level 2. HP: 23/23 MP: 3/5
  1216 | D:2      | Reached XP level 3. HP: 23/28 MP: 6/6
  1411 | D:2      | Noticed Jessica
  1416 | D:2      | Learned a level 2 spell: Sticks to Snakes
  1420 | D:2      | Learned a level 3 spell: Spider Form
  1428 | D:2      | Killed Jessica
  1428 | D:2      | Reached XP level 4. HP: 35/35 MP: 4/8
  1629 | D:2      | Reached skill level 4 in Unarmed Combat
  2501 | D:3      | Noticed Ijyb
  2510 | D:3      | Killed Ijyb
  2510 | D:3      | Reached XP level 5. HP: 39/40 MP: 5/9
  3341 | D:4      | Reached skill level 5 in Unarmed Combat
  3762 | D:4      | Found a runed translucent door.
  3763 | D:4      | Noticed Crazy Yiuf
  3926 | D:4      | Killed Crazy Yiuf
  4013 | D:5      | Entered Level 5 of the Dungeon
  4013 | D:5      | Noticed an ogre
  4047 | D:5      | Reached XP level 6. HP: 45/47 MP: 8/10
  4156 | D:5      | Reached skill level 6 in Unarmed Combat
  4509 | D:5      | Found a staircase to the Ecumenical Temple.
  4524 | Temple   | Entered the Ecumenical Temple
  4637 | Temple   | Became a worshipper of Uskayaw the Reveler
  4726 | D:5      | Reached * piety under Uskayaw
  4728 | D:5      | Reached ** piety under Uskayaw
  4805 | D:5      | Noticed an ice beast
  4820 | D:5      | Killed an ice beast
  4820 | D:5      | Your scales start taking on a pale cyan-grey colour.
  4820 | D:5      | Reached XP level 7. HP: 12/52 MP: 8/11
  5104 | D:5      | Reached skill level 7 in Unarmed Combat
  5198 | D:6      | Reached skill level 5 in Transmutations
  5198 | D:6      | Reached *** piety under Uskayaw
  5494 | D:6      | Reached XP level 8. HP: 45/59 MP: 10/12
  5566 | D:6      | Reached skill level 8 in Unarmed Combat
  5728 | D:7      | Found a stormy altar of Qazlal.
  5777 | D:7      | Found a sacrificial altar of Ru.
  5800 | D:7      | Reached **** piety under Uskayaw
  5972 | D:7      | Noticed Maggie
  5995 | D:7      | Killed Maggie
  5995 | D:7      | Reached skill level 9 in Unarmed Combat
  6009 | D:7      | Reached ***** piety under Uskayaw
  6126 | D:7      | Found Lahoge's Distillery.
  6134 | D:7      | Bought a potion of heal wounds for 60 gold pieces
  6134 | D:7      | Bought a potion of heal wounds for 60 gold pieces
  6134 | D:7      | Bought a potion of lignification for 36 gold pieces
  6134 | D:7      | Bought 2 potions of curing for 72 gold pieces
  6420 | D:7      | Reached XP level 9. HP: 51/64 MP: 13/13
  6536 | D:8      | Reached skill level 10 in Unarmed Combat
  7426 | D:8      | Noticed an eight-headed hydra
  7464 | D:8      | Killed an eight-headed hydra
  7464 | D:8      | Reached skill level 11 in Unarmed Combat
  7688 | D:9      | Reached XP level 10. HP: 67/71 MP: 10/14
  8047 | D:9      | Learned a level 5 spell: Blade Hands
  8067 | D:9      | Reached skill level 12 in Unarmed Combat
  8320 | D:9      | Slain by a killer bee

Levels and vault maps discovered:
D:1:      lemuel_arrival_funnel, layout_basic, kennysheep_crisscross
D:2:      wad_lake_hut, layout_basic, uniq_jessica
D:3:      layout_basic, serial_glass, glass_columns_a, glass_columns_a,
          glass_columns_b, glass_columns_a, due_unseen_surprise,
          item_on_display_a, uniq_ijyb
D:4:      layout_cave_pools, first_ration, uniq_crazy_yiuf_cottage
D:5:      layout_gridville, minmay_temple_entry_hall
D:6:      layout_basic, hangedman_decor_growths
D:7:      layout_loops_ring, grunt_qazlal_clouds, serial_shops,
          nicolae_shop_crystal, nicolae_ru_awakened_eye, uniq_maggie
D:8:      layout_basic
D:9:      layout_long_grid, david_nohive_1
Temple:   kilobyte_greek_temple

Skill      XL: |  1  2  3  4  5  6  7  8  9 10 |
---------------+-------------------------------+-----
Spellcasting   | 3 |  3.0
Unarmed Combat | 4 5 6 7 9 11 12 | 12.2
Transmutations | 3 4 5 6 8 |  8.8
Fighting       | |  1.1
Dodging        | |  1.7

Action                   |  1- 3 |  4- 6 |  7- 9 | 10-12 || total
-------------------------+-------+-------+-------+-------++-------
Melee: Unarmed           |    91 |   179 |   228 |    53 ||   551
       Kick              |     2 |     7 |    18 |     1 ||    28
       Headbutt          |     6 |     4 |     3 |     4 ||    17
       Tailslap          |     5 |    12 |    19 |    12 ||    48
       Punch             |       |     1 |     5 |     1 ||     7
 Cast: Beastly Appendage |    16 |    14 |    13 |     5 ||    48
       Spider Form       |     1 |     8 |     8 |       ||    17
       Blade Hands       |       |       |       |     1 ||     1
Invok: Line Pass         |       |       |     1 |       ||     1
 Abil: Breathe Steam     |       |       |    15 |     4 ||    19
  Use: Scroll            |       |    13 |     6 |     2 ||    21
       Potion            |       |       |     3 |     1 ||     4
 Stab: Sleeping          |     1 |     1 |       |       ||     2
       Paralysed         |       |       |     6 |     1 ||     7
  Eat: Chunk             |     2 |     7 |     9 |     4 ||    22
       Ration            |       |     1 |     1 |       ||     2
Armor: Skin              |    34 |    46 |    49 |    26 ||   155
Dodge: Dodged            |    55 |   119 |   137 |    45 ||   356

Table legend:
 A = Non-vault XP
 B = Vault XP
 C = Vault XP percentage of total XP
 D = Non-vault monster count
 E = Vault monster count
 F = Vault count percentage of total count
                 A         B        C        D         E       F
            +---------+---------+-------+---------+---------+-------
      Total |    5897 |     840 |  12.5 |     148 |       9 |   5.7
            +---------+---------+-------+---------+---------+-------
        D:1 |      34 |       0 |   0.0 |      17 |       0 |   0.0
        D:2 |      63 |      37 |  37.0 |      19 |       1 |   5.0
        D:3 |      96 |      39 |  28.9 |      19 |       1 |   5.0
        D:4 |      71 |      39 |  35.5 |       8 |       1 |  11.1
        D:5 |     633 |       0 |   0.0 |      12 |       0 |   0.0
        D:6 |     593 |       0 |   0.0 |      15 |       0 |   0.0
        D:7 |     810 |     415 |  33.9 |      19 |       1 |   5.0
        D:8 |    2352 |       0 |   0.0 |      20 |       0 |   0.0
        D:9 |    1245 |     310 |  19.9 |      19 |       5 |  20.8
            +---------+---------+-------+---------+---------+-------
